 Dungeon Crawl Stone Soup version 0.23-a0-839-g6d2b917 (console) character file.

97 bli the Slasher (level 4, -2/37 HPs)
             Began as a Barachi Fighter on Jan 25, 2019.
             Slain by an orc
             ... wielding a +0 flail
              (3 damage)
             ... on level 2 of the Dungeon.
             The game lasted 00:05:08 (1532 turns).

bli the Slasher (Barachi Fighter)                   Turns: 1532, Time: 00:05:09

Health: -2/37      AC:  7    Str: 17    XL:     4   Next: 68%
Magic:  4/4        EV:  7    Int:  9    God:
Gold:   96         SH:  9    Dex: 12    Spells: 3/3 levels left

rFire    . . .     SeeInvis .   a - +0 long sword
rCold    . . .     Gourm    .   c - +0 shield
rNeg     . . .     Faith    .   b - +0 scale mail
rPois    .         Spirit   .   (no helmet)
rElec    .         Reflect  .   (no cloak)
rCorr    .         Harm     .   (no gloves)
MR       .....                  (no boots)
Stlth    ..........             (no amulet)
HPRegen  0.12/turn              (no ring)
MPRegen  0.09/turn              (no ring)

@: slow
A: +LOS, swims, slowness 1, strong legs 1
a: Hop


You were on level 2 of the Dungeon.
You were not hungry.

You visited 1 branch of the dungeon, and saw 3 of its levels.

You collected 96 gold pieces.

Inventory:

Hand Weapons
 a - a +0 long sword (weapon)
Missiles
 k - 73 stones (quivered)
 o - 15 poisoned needles
Armour
 b - a +0 scale mail (worn)
 c - a +0 shield (worn)
 h - a +0 ring mail
 t - a +0 plate armour
Scrolls
 e - 5 scrolls of identify {unknown}
 g - a scroll of blinking {unknown}
 j - 3 scrolls of immolation {unknown}
 l - 2 scrolls of teleportation {unknown}
 m - a scroll of fear {unknown}
 n - 3 scrolls of amnesia {unknown}
 p - a scroll of magic mapping {unknown}
 u - 2 scrolls of remove curse {unknown}
Potions
 d - a potion of might
 q - 2 potions of curing {unknown}
 r - 2 potions of resistance {unknown}
 s - a potion of agility {unknown}
 v - a potion of ambrosia {unknown}
Comestibles
 f - 6 rations
 i - 2 chunks of flesh


   Skills:
 + Level 3.7 Fighting
 * Level 5.0 Long Blades
 + Level 3.7 Armour
 - Level 4.0 Shields


You had 3 spell levels left.
You didn't know any spells.
Your spell library was empty.

Dungeon Overview and Level Annotations

Branches:
Dungeon (3/15)

Altars:


Innate Abilities, Weirdness & Mutations

Shadows flee at your approach. (+LOS)
You can swim through water.
You cover ground slowly.
You can hop short distances.


Message History

The orc closely misses you.
You riposte.
You slash the orc!
You kill the orc!
Your Long Blades skill increases to level 5!
The orc hits you but does no damage. x2
A mysterious force pulls you upwards. The hatch slams shut behind you.
Your shield and scale mail prevent you from hitting the orc wizard.
The orc wizard is heavily wounded.
The orc wizard casts a spell at you. The magic dart hits you.
* * * LOW HITPOINT WARNING * * *
The orc hits you with a +0 hand axe.
* * * LOW HITPOINT WARNING * * *
You block the orc wizard's attack. The orc hits you but does no damage.
The orc wizard gestures wildly while chanting.
The orc wizard blinks!
The orc barely misses you. You block the orc's attack.
The orc completely misses you. You block the orc's attack.
You slash the orc!
You kill the orc!
The orc hits you with a +0 flail.
You die...

...............)÷........#
.####..############......# .#
##..# #......# #######.#
#......# ........### #......#
######....## #>###### ..##
#....÷########.#
#..####.............###
##.........#..####o...#####
##............###o.§...<..#
...#.......##...@)...####.######
.......................#.......#
##.....>...######..............#
...#....#########....#.........#
####....###....................#
............############.......#
####.<..################.......#
.............#.........#.......#
####.#######...........#.......#
####.# ##..........#########
.##..# ##..........#


You could see an orc wizard and an orc.

Vanquished Creatures
  2 adders (D:2)
  An ooze (D:2)
  2 dart slugs
  3 leopard geckos (D:1)
  2 orcs
  2 giant cockroaches
  2 goblins
  14 hobgoblins
  4 jackals (D:1)
  A quokka (D:2)
  4 ball pythons
  11 bats
  3 frilled lizards
  5 kobolds
  7 rats
63 creatures vanquished.

Notes
Turn   | Place    | Note
-------+----------+-------------------------------------------
     0 | D:1      | bli the Barachi Fighter began the quest for the Orb.
     0 | D:1      | Reached XP level 1. HP: 18/18 MP: 1/1
    36 | D:1      | Reached XP level 2. HP: 15/24 MP: 2/2
   335 | D:1      | Reached skill level 3 in Long Blades
   355 | D:1      | Reached XP level 3. HP: 26/29 MP: 3/3
   921 | D:2      | Reached skill level 4 in Long Blades
  1094 | D:2      | Reached XP level 4. HP: 29/36 MP: 4/4
  1527 | D:3      | Reached skill level 5 in Long Blades
  1529 | D:2      | HP: 1/37 [orc/+0 hand axe (2)]
  1532 | D:2      | Slain by an orc

Vault maps used:
D:1:      minmay_arrival_cross, minmay_heptomino_w4
D:2:      nicolae_overflow_hidden_temple, hangedman_feature_mirror

Skill      XL: |  1  2  3  4 |
---------------+-------------+-----
Shields        | 4 |  4.0
Long Blades    | 3 4 5 |  5.0
Fighting       | |  3.7
Armour         | |  3.7

Action                   |  1- 3 |  4- 6 || total
-------------------------+-------+-------++-------
Melee: Long sword        |   115 |    64 ||   179
Throw: Stone             |       |     2 ||     2
  Eat: Chunk             |     1 |     2 ||     3
Armor: Scale mail        |    91 |    55 ||   146
Dodge: Dodged            |    54 |    33 ||    87
Block: Shield            |    82 |    53 ||   135
       Rpst.: Long sword |    22 |     9 ||    31

Table legend:
 A = Non-vault XP
 B = Vault XP
 C = Vault XP percentage of total XP
 D = Non-vault monster count
 E = Vault monster count
 F = Vault count percentage of total count
                 A         B        C        D         E       F
            +---------+---------+-------+---------+---------+-------
      Total |     120 |      19 |  13.7 |      52 |      11 |  17.5
            +---------+---------+-------+---------+---------+-------
        D:1 |      41 |      16 |  28.1 |      23 |       9 |  28.1
        D:2 |      72 |       3 |   4.0 |      25 |       2 |   7.4
        D:3 |       7 |       0 |   0.0 |       4 |       0 |   0.0
            +---------+---------+-------+---------+---------+-------
